 Dungeon Crawl Stone Soup version 0.30.0-15-g856e2d3f33 (webtiles) character file.

Game seed: 17038730372438937131

488 qw the Chopper (level 7, -6/44 HPs)
             Began as a Gargoyle Fighter on May 21, 2023.
             Mangled by a yak (12 damage)
             ... on level 5 of the Dungeon.
             The game lasted 00:01:59 (4018 turns).

qw the Chopper (Gargoyle Fighter)                   Turns: 4018, Time: 00:02:00

Health: -6/44      AC: 17    Str: 19 (22) XL:     7   Next: 13%
Magic:  7/7        EV:  7    Int:  8      God:
Gold:   88         SH:  4    Dex:  6 (9)  Spells: 6/6 levels left

rFire   . . .        Y - +1 war axe
rCold   . . .        c - +0 buckler
rNeg    + . .        h - +0 chain mail
rPois   inf          (no helmet)
rElec   +            (no cloak)
rCorr   .            (no gloves)
SInv    .            f - +2 pair of boots
Will    .....        (no amulet) Stlth
                     (no ring)
HPRegen 0.27/turn    (no ring)
MPRegen 0.10/turn

%: no passive effects
@: no status effects
A: sickness immunity, AC +4, negative energy resistance 1, electricity
resistance, torment resistance 1, petrification resistance
a: no special abilities


You were on level 5 of the Dungeon.
You visited 1 branch of the dungeon, and saw 5 of its levels.

You collected 191 gold pieces.
You spent 103 gold pieces at shops.


Innate Abilities, Weirdness & Mutations

You are immune to sickness and miasma.
Your stone body is resilient. (AC +4)
You are immune to poison.
You resist negative energy. (rN+)
You are resistant to electric shocks. (rElec)
You are resistant to unholy torment.
You are immune to petrification.


   Skills:
 - Level 4.7 Fighting
 + Level 6.2 Axes
 - Level 3.2 Armour
 - Level 3.2 Shields


You had 6 spell levels left.
You didn't know any spells.
Your spell library was empty.

Inventory:

Hand Weapons
 e - a +0 flail
 Y - a +1 war axe (weapon)
Armour
 c - a +0 buckler (worn)
 f - a +2 pair of boots (worn)
 h - a +0 chain mail (worn)
Scrolls
 a - 2 scrolls of enchant armour
 j - 2 scrolls of identify
 o - a scroll of brand weapon {unknown}
Potions
 b - a potion of lignification
 d - 2 potions of might
 k - a potion of mutation
 l - 2 potions of curing
 m - a potion of cancellation
 n - a potion of attraction
 p - a potion of invisibility {unknown}

Dungeon Overview and Level Annotations

Branches:
Dungeon (5/15)
 Temple: D:4-7

Altars:
Ashenzari
Xom

Shops:
D:1 [   D:2 [?   D:5 [(!*

Annotations:
D:3 2 runed translucent doors


Message History

You hit the yak. x2; You completely miss the yak.
The yak gores you. x2; The yak barely misses you.
The yak gores you!
You hit the yak.
The yak is severely wounded.
You hit the yak. x3
The yak gores you! The yak completely misses you.
The yak gores you but does no damage.
4013 ||| DRINKING potion of heal wounds.
You feel much better. The yak gores you but does no damage. The yak gores you!
The yak gores you but does no damage.
You slash the yak!
The yak is severely wounded.
You hit the yak. You completely miss the yak. You slash the yak!
The yak gores you. You block the yak's attack. The yak barely misses you.
The yak completely misses you. The yak barely misses you.
The yak gores you but does no damage. The yak closely misses you. x2
You slash the yak!
You kill the yak!
You completely miss the yak. You hit the yak. You hit the yak but do no damage.
You block the yak's attack.
The yak gores you but does no damage. x2
You feel your intelligence returning.
Your Axes skill increases to level 6!
You have reached level 7!
You closely miss the yak.
The yak is heavily wounded.
You barely miss the yak. You hit the yak. x2
The yak barely misses you. You block the yak's attack.
The yak completely misses you. The yak gores you but does no damage.
You hit the yak but do no damage.
The yak is heavily wounded.
You hit the yak but do no damage. x2; You hit the yak.
The yak gores you but does no damage. The yak gores you.
The yak barely misses you. The yak gores you.
You hit the yak but do no damage.
The yak is severely wounded.
You hit the yak. You hit the yak but do no damage. x2
The yak gores you. x2; You block the yak's attack.
The yak gores you but does no damage. You block the yak's attack.
The yak gores you. The yak gores you but does no damage. The yak gores you!
You die...

##..........##..###.#.#####.#
#.........####.............#
.........# #...........###
........# #........##.#
......... #....######.#
....... # ##...# #.#
......##.##...# #.#
.....SY##.######.#
.....YY@#........#
......YY...#######
.......#.#..# .......#.#...#
.......#.....#
.......###..... .......
#..##.# ....... #... ># ....
#


You could see 5 yaks and a water moccasin.

Vanquished Creatures
  A yak (D:5)
  A phantom (D:4)
  A hound (D:4)
  A sleepcap (D:5)
  An orc wizard (D:2)
  5 adders
  4 gnolls (D:3)
  2 ufetubi (D:5)
  2 dart slugs
  4 orcs
  8 ball pythons
  5 endoplasms
  4 giant cockroaches
  11 goblins
  7 hobgoblins
  11 jackals
  3 quokkas
  5 bats
  5 frilled lizards
  4 kobolds
  9 rats
94 creatures vanquished.

Notes
Turn   | Place    | Note
-------+----------+-------------------------------------------
     0 | D:1      | qw the Gargoyle Fighter began the quest for the Orb.
     0 | D:1      | Reached XP level 1. HP: 14/14 MP: 1/1
     0 | D:1      | 0 ||| qw: Version: 0.2-a-98-g16b38d9
     0 | D:1      | 0 ||| qw: Game counter: 9
     0 | D:1      | 0 ||| qw: Always use a shield: true
     0 | D:1      | 0 ||| qw: God list: Okawaru
     0 | D:1      | 0 ||| qw: Allow faded altars: false
     0 | D:1      | 0 ||| qw: Do Orc after D:15 true
     0 | D:1      | 0 ||| qw: Do second Lair branch before Depths: true
     0 | D:1      | 0 ||| qw: Lair rune preference: random
     0 | D:1      | 0 ||| qw: Plans: Normal, Zot:1-4, God:TSO, Crypt, Tomb,
                  | Pan, Slime:5, Hells, Abyss, Win
     0 | D:1      | 0 ||| PLANNING D:1-11
    59 | D:1      | Reached skill level 2 in Axes
    74 | D:1      | 74 ||| DROPPING +0 club.
   135 | D:1      | Reached XP level 2. HP: 19/19 MP: 2/2
   418 | D:1      | 418 ||| Stepping ~*~*~tactically~*~*~ (stealth).
   422 | D:1      | Reached skill level 3 in Axes
   429 | D:1      | Reached XP level 3. HP: 23/23 MP: 3/3
   535 | D:1      | 535 ||| Stepping ~*~*~tactically~*~*~ (hiding).
   644 | D:1      | Found Ximel's Armour Shoppe.
   650 | D:1      | 650 ||| SHOPLISTING +0 pair of gloves (54 gold, have 0).
   797 | D:1      | 797 ||| UPGRADING to +0 chain mail.
   807 | D:1      | 807 ||| DROPPING +0 scale mail.
   808 | D:1      | 808 ||| READING scroll labelled DIC BUBBE.
   809 | D:1      | 809 ||| READING scroll labelled CIUWYS JATZA.
   810 | D:1      | 810 ||| READING scroll labelled ADEQ WI CAATOS.
   811 | D:1      | 811 ||| READING scroll labelled ICUNYE HOUNATH.
   872 | D:2      | 872 ||| Stepping ~*~*~tactically~*~*~ (stealth).
   995 | D:2      | HP: 1/23 [orc wizard/magic dart (9)]
   999 | D:2      | Reached skill level 4 in Axes
   999 | D:2      | Reached XP level 4. HP: 2/28 MP: 4/4
  1193 | D:2      | Found Lahuac's Armour Boutique.
  1289 | D:2      | Found a faded altar of an unknown god.
  1346 | D:2      | 1346 ||| Stepping ~*~*~tactically~*~*~ (hiding).
  1502 | D:2      | 1502 ||| Stepping ~*~*~tactically~*~*~ (stealth).
  1676 | D:2      | Reached XP level 5. HP: 32/32 MP: 5/5
  1677 | D:2      | Found Daosod's Magic Scroll Boutique.
  1685 | D:2      | 1685 ||| BUYING scroll of identify (28 gold).
  1685 | D:2      | Bought a scroll of identify for 28 gold pieces
  1685 | D:2      | 1685 ||| SHOPLISTING scroll of identify (28 gold, have 23).
  1685 | D:2      | 1685 ||| SHOPLISTING scroll of teleportation (42 gold, have
                  | 23).
  1792 | D:2      | 1792 ||| READING scroll labelled KAERHE NYUBB.
  1816 | D:2      | 1816 ||| READING scroll labelled OXTAOT NAMEUDITIFO.
  1817 | D:2      | 1817 ||| READING scroll labelled YTYAZA GICEUG.
  1818 | D:2      | 1818 ||| READING 2 scrolls labelled LUCVUSHR EXEN.
  1819 | D:2      | 1819 ||| READING scroll labelled QAURECL CEXA.
  1820 | D:2      | 1820 ||| DRINKING 3 ruby potions.
  1821 | D:2      | 1821 ||| READING 3 scrolls of identify.
  1821 | D:2      | 1821 ||| IDENTIFYING murky purple potion
  1822 | D:2      | 1822 ||| DROPPING scroll of vulnerability.
  2002 | D:3      | Reached skill level 5 in Axes
  2027 | D:3      | 2027 ||| DROPPING +0 whip.
  2287 | D:3      | Found a large runed translucent door.
  2287 | D:3      | Found a large runed translucent door.
  2288 | D:3      | Found a shimmering altar of Xom.
  2784 | D:3      | 2784 ||| READING scroll labelled ROMUICUSY.
  2827 | D:3      | 2827 ||| READING 2 scrolls labelled RIRASH TAYTI.
  2928 | D:3      | 2928 ||| READING 3 scrolls of identify.
  2928 | D:3      | 2928 ||| IDENTIFYING brown potion
  2929 | D:3      | 2929 ||| READING 2 scrolls of identify.
  2929 | D:3      | 2929 ||| IDENTIFYING blue potion
  2930 | D:3      | 2930 ||| DROPPING scroll of silence.
  2931 | D:3      | 2931 ||| DROPPING potion of berserk rage.
  3035 | D:4      | 3035 ||| Stepping ~*~*~tactically~*~*~ (stealth).
  3046 | D:4      | Found a broken altar of Ashenzari.
  3214 | D:4      | Noticed a phantom
  3222 | D:4      | Killed a phantom
  3223 | D:4      | Reached XP level 6. HP: 38/39 MP: 6/6
  3549 | D:4      | 3549 ||| UPGRADING to +0 pair of boots.
  3554 | D:4      | 3554 ||| READING 4 scrolls of enchant armour.
  3554 | D:4      | 3554 ||| ENCHANTING +0 pair of boots.
  3555 | D:4      | 3555 ||| READING 3 scrolls of enchant armour.
  3555 | D:4      | 3555 ||| ENCHANTING +1 pair of boots.
  3556 | D:4      | 3556 ||| READING scroll labelled DUGUHOOZOM.
  3557 | D:4      | 3557 ||| DRINKING 3 murky white potions.
  3558 | D:4      | 3558 ||| READING 3 scrolls of identify.
  3558 | D:4      | 3558 ||| IDENTIFYING bubbling white potion
  3559 | D:4      | 3559 ||| READING 2 scrolls of identify.
  3559 | D:4      | 3559 ||| IDENTIFYING glowing black potion
  3560 | D:4      | 3560 ||| DROPPING 2 potions of degeneration.
  3605 | D:5      | Entered Level 5 of the Dungeon
  3612 | D:5      | Noticed a yak
  3613 | D:5      | 3613 ||| Stepping ~*~*~tactically~*~*~ (stealth).
  3650 | D:5      | Found Vomy's General Store.
  3660 | D:5      | 3660 ||| BUYING potion of attraction (45 gold).
  3660 | D:5      | Bought a potion of attraction for 45 gold pieces
  3660 | D:5      | 3660 ||| BUYING scroll of identify (30 gold).
  3660 | D:5      | Bought a scroll of identify for 30 gold pieces
  3769 | D:5      | Found Ureve's Antique Weapon Shop.
  3905 | D:5      | Found Vanaelun's Antique Armour Emporium.
  3913 | D:5      | 3913 ||| SHOPLISTING brightly glowing chain mail (228 gold,
                  | have 88).
  3913 | D:5      | 3913 ||| SHOPLISTING pair of heavily runed gloves (228
                  | gold, have 88).
  3913 | D:5      | 3913 ||| SHOPLISTING plate armour (552 gold, have 88).
  3913 | D:5      | 3913 ||| SHOPLISTING shiny orb (288 gold, have 88).
  3925 | D:5      | HP: 8/39 [ogre/+0 giant club (15)]
  3926 | D:5      | 3926 ||| READING scroll of teleportation.
  3927 | D:5      | 3927 ||| DRINKING 2 potions of heal wounds.
  3997 | D:5      | Found Zosuopatt's Distillery.
  4002 | D:5      | Noticed a yak
  4003 | D:5      | Noticed a yak
  4004 | D:5      | Noticed a yak
  4005 | D:5      | Noticed a yak
  4007 | D:5      | Noticed a yak
  4010 | D:5      | Noticed a water moccasin
  4012 | D:5      | HP: 5/39 [yak (7)]
  4013 | D:5      | 4013 ||| DRINKING potion of heal wounds.
  4015 | D:5      | Killed a yak
  4016 | D:5      | Reached skill level 6 in Axes
  4016 | D:5      | Reached XP level 7. HP: 17/44 MP: 7/7
  4018 | D:5      | HP: 11/44 [yak (4)]
  4018 | D:5      | Mangled by a yak

Levels and vault maps discovered:
D:1:      amcnicky_arrival_feature_with_door, layout_loops_ring, serial_shops,
          nicolae_shop_crystal, hex_tiny
D:2:      layout_basic, serial_shops, nicolae_shop_stone, shop,
          shapermc_ecumenical_altar_ellora, minmay_pentomino_q4
D:3:      due_chaos_kobolds, layout_basic
D:4:      layout_cave_pods, mainiacjoe_overflow_boulevard
D:5:      layout_basic, minmay_temple_entry_proselytizer, serial_shops, shop,
          shop, shop_fountains, shop_statue

Skill      XL: |  1  2  3  4  5  6 |
---------------+-------------------+-----
Axes           | 2 3 4 5 6 |  6.2
Fighting       | 4 |  4.7
Armour         | |  3.2
Shields        | |  3.2

Action                     |  1- 3 |  4- 6 |  7- 9 || total
---------------------------+-------+-------+-------++-------
  Melee: War axe           |   154 |   164 |     3 ||   321
    Use: Scroll            |     4 |    16 |       ||    20
         Potion            |       |     4 |       ||     4
 Armour: Scale mail        |    69 |       |       ||    69
         Chain mail        |    43 |   106 |     4 ||   153
  Dodge: Dodged            |    87 |    48 |     3 ||   138
  Block: Buckler           |    20 |    44 |     3 ||    67

Table legend:
 A = Non-vault XP
 B = Vault XP
 C = Vault XP percentage of total XP
 D = Non-vault monster count
 E = Vault monster count
 F = Vault count percentage of total count
                 A         B        C        D         E       F
            +---------+---------+-------+---------+---------+-------
      Total |     689 |       9 |   1.3 |      90 |       4 |   4.3
            +---------+---------+-------+---------+---------+-------
        D:1 |      47 |       0 |   0.0 |      29 |       0 |   0.0
        D:2 |     118 |       9 |   7.1 |      29 |       4 |  12.1
        D:3 |      93 |       0 |   0.0 |      17 |       0 |   0.0
        D:4 |     176 |       0 |   0.0 |      11 |       0 |   0.0
        D:5 |     255 |       0 |   0.0 |       4 |       0 |   0.0
            +---------+---------+-------+---------+---------+-------
